 Dungeon Crawl Stone Soup version 0.27.1-34-g3ba077fa99 (webtiles) character file.

Game seed: 10749106579245206270

395 pkoi the Insei (level 6, -7/52 HPs)
             Began as a Draconian Monk on Jan 17, 2022.
             Mangled by a hornet zombie (9 damage)
             ... on level 5 of the Dungeon.
             The game lasted 00:07:51 (6016 turns).

pkoi the Insei (Draconian Monk)                     Turns: 6016, Time: 00:07:51

Health: -7/52      AC:  6    Str: 10 (13) XL:     6   Next: 52%
Magic:  6/6        EV: 12    Int: 11 (13) God:
Gold:   203        SH:  0    Dex: 12 (13) Spells: 5/5 levels left

rFire    . . .     SeeInvis .     - Unarmed
rCold    . . .     Faith    .   (no shield)
rNeg     . . .     Spirit   .   (armour unavailable)
rPois    .         Reflect  .   (helmet restricted)
rElec    .         Harm     .   (no cloak)
rCorr    .         Rampage  .   (no gloves)
Will     .....                  (no boots)
Stlth    ++........             (no amulet)
HPRegen  0.17/turn              (no ring)
MPRegen  0.10/turn              (no ring)

@: about to teleport
A: AC +6, unfitting armour, cold-blooded
a: no special abilities


You were on level 5 of the Dungeon.
You visited 1 branch of the dungeon, and saw 5 of its levels.

You collected 203 gold pieces.

Inventory:

Hand Weapons
 b - a +2 dagger of draining
 f - a +0 short sword
 g - a +1 whip of freezing
Missiles
 e - 20 poisoned darts (quivered)
 h - 2 atropa-tipped darts
Jewellery
 c - a ring of wizardry
Scrolls
 a - a scroll of teleportation
 n - a scroll of identify
Potions
 d - a potion of brilliance
 i - a potion of cancellation
 j - 2 potions of mutation


   Skills:
 - Level 4.0 Fighting
 - Level 3.0 Dodging
 - Level 1.7 Stealth
 + Level 7.0 Unarmed Combat


You had 5 spell levels left.
You didn't know any spells.
Your spell library was empty.

Dungeon Overview and Level Annotations

Branches:
Dungeon (5/15)
 Temple: D:4-7

Altars:
Ashenzari
Zin

Shops:
D:2 (   D:4 (

Annotations:
D:3 Sigmund
D:4 Eustachio


Innate Abilities, Weirdness & Mutations

Your plain brown scales are hard. (AC +6)
You cannot fit into any form of body armour.
You are cold-blooded and may be slowed by cold attacks.


Message History

The iguana hisses angrily.
The hornet zombie hits you!
You barely miss the hornet zombie.
The hornet zombie is lightly damaged.
The hornet zombie barely misses you. The hornet zombie hits you.
The hornet zombie hits you! The hornet zombie hits you.
* * * LOW HITPOINT WARNING * * *
Okay, then.
Okay, then.
You hit the hornet zombie but do no damage.
You punch the hornet zombie.
The hornet zombie is moderately damaged.
The hornet zombie closely misses you.
You hit the hornet zombie but do no damage.
The hornet zombie is moderately damaged.
The hornet zombie completely misses you.
You closely miss the hornet zombie.
The hornet zombie is moderately damaged.
The hornet zombie hits you.
* * * LOW HITPOINT WARNING * * *
You hit the hornet zombie but do no damage.
You tail-slap the hornet zombie, but do no damage.
The hornet zombie is moderately damaged.
The hornet zombie barely misses you.
You barely miss the hornet zombie.
You tail-slap the hornet zombie, but do no damage.
The hornet zombie is moderately damaged.
The hornet zombie hits you.
* * * LOW HITPOINT WARNING * * *
As you read the scroll of teleportation, it crumbles to dust.
You feel strangely unstable. The hornet zombie hits you!
* * * LOW HITPOINT WARNING * * *
You barely miss the hornet zombie.
The hornet zombie is moderately damaged.
The hornet zombie hits you.
* * * LOW HITPOINT WARNING * * *
The hornet zombie hits you!
You die...

#.....[...
########.........#
#...)....†.......##
#.######.###+#.....
#.# #..#.#####....#
#.# #..#.........
#.# #............ ≈
#.#
#.##.w##.####.≈≈.
#.#
#.@Zl............
#.#
########..##..≈≈.
#.# #......≈≈≈. #.#
#.......##≈ #.#
#.......# #.#
#.....l..?. #.#
#.......... #.#
###........ #.#
#.##.###.


You could see a worm, an iguana and a hornet zombie.

Vanquished Creatures
  An ice beast (D:3)
  A hound (D:5)
  Terence (D:2)
  An orc wizard (D:4)
  Robin (D:4)
  5 gnolls
  6 adders
  2 worms
  2 dart slugs
  7 orcs
  7 ball pythons
  4 bats
  4 endoplasms
  3 giant cockroaches
  16 goblins
  12 hobgoblins
  A jackal (D:1)
  5 quokkas
  5 frilled lizards
  6 kobolds
  8 rats
98 creatures vanquished.

Vanquished Creatures (others)
  3 plants (D:2)
3 creatures vanquished.

Grand Total: 101 creatures vanquished

Notes
Turn   | Place    | Note
-------+----------+-------------------------------------------
     0 | D:1      | pkoi the Draconian Monk began the quest for the Orb.
     0 | D:1      | Reached XP level 1. HP: 19/19 MP: 1/1
   298 | D:1      | Reached XP level 2. HP: 19/26 MP: 2/2
   781 | D:1      | Reached skill level 4 in Unarmed Combat
   901 | D:1      | You fall into a shaft and drop 1 floor!
   913 | D:2      | Reached XP level 3. HP: 29/31 MP: 3/3
  1048 | D:2      | Noticed Terence
  1321 | D:2      | Reached XP level 4. HP: 40/40 MP: 4/4
  1513 | D:2      | Found a faded altar of an unknown god.
  1585 | D:2      | Killed Terence
  1794 | D:2      | Found Falorph's Antique Weapon Boutique.
  2220 | D:1      | Reached skill level 5 in Unarmed Combat
  2566 | D:2      | Reached XP level 5. HP: 22/46 MP: 5/5
  3335 | D:3      | Noticed an ice beast
  3831 | D:3      | Killed an ice beast
  3832 | D:3      | Reached skill level 6 in Unarmed Combat
  3832 | D:3      | Reached XP level 6. HP: 17/52 MP: 6/6
  4113 | D:3      | Noticed Sigmund
  4438 | D:4      | Noticed Robin
  4480 | D:4      | Killed Robin
  4635 | D:4      | Found Yqu Moi's Weapon Emporium.
  4739 | D:4      | Noticed Eustachio
  4981 | D:4      | Found a broken altar of Ashenzari.
  5118 | D:4      | Found a glowing silver altar of Zin.
  5721 | D:5      | Entered Level 5 of the Dungeon
  5764 | D:5      | Reached skill level 7 in Unarmed Combat
  6016 | D:5      | HP: 2/52 [hornet zombie (6)]
  6016 | D:5      | Mangled by a hornet zombie

Illustrated notes

Levels and vault maps discovered:
D:1:      eino_arrival_tree_alley, layout_basic, hangedman_abyss_or_decor_stabs,
          minmay_ruptured
D:2:      layout_loops_ring, shapermc_ecumenical_altar_ellora, serial_shops,
          nicolae_shop_behind_doors, serial_bayou_lagoon_b, uniq_terence
D:3:      layout_rooms, uniq_sigmund
D:4:      layout_basic, nicolae_ru_path_of_blood, ashenzari_altar_1,
          mainiacjoe_overflow_catwalk, serial_shops, shop,
          chequers_serial_rivers_micro_b, kennysheep_generic_room_14,
          uniq_eustachio, uniq_robin
D:5:      layout_basic, lemuel_zombie_altar_yredelemnul,
          cheibrodos_sewer_entry_sluice, minmay_joined_circles

Skill      XL: |  1  2  3  4  5  6 |
---------------+-------------------+-----
Unarmed Combat | 4 5 6 7 |  7.0
Dodging        | 3 |  3.0
Fighting       | 4 |  4.0
Stealth        | |  1.7

Action                   |  1- 3 |  4- 6 || total
-------------------------+-------+-------++-------
Melee: Unarmed           |   135 |   236 ||   371
       Tailslap          |    13 |    22 ||    35
       Punch             |     1 |     4 ||     5
Throw: Dart              |       |     2 ||     2
  Use: Potion            |       |     4 ||     4
       Scroll            |       |     7 ||     7
 Stab: Sleeping          |     3 |     5 ||     8
Armor: Skin              |    43 |    57 ||   100
Dodge: Dodged            |    85 |   134 ||   219
